 Dungeon Crawl Stone Soup version 0.22-a0-266-g5fdf0d7 (webtiles) character file.

14604 Ijustatesigmund the Fighter (level 12, -22/120 HPs)
             Began as a Gargoyle Fighter on Mar 8, 2018.
             Was a High Priest of Okawaru.
             Annihilated by a frost giant
             ... wielding a +2 battleaxe of freezing
              (24 damage)
             ... on level 11 of the Dungeon.
             The game lasted 00:27:51 (10760 turns).

Ijustatesigmund the Fighter (Gargoyle Fighter)     Turns: 10760, Time: 00:27:51

Health: -22/120    AC: 33    Str: 25    XL:     12   Next: 18%
Magic:  0/18       EV: 12    Int: 10    God:    Okawaru [*****.]
Gold:   619        SH: 21    Dex: 11    Spells: 11/11 levels left

rFire    + . .     SeeInvis .   a - +3 flail (protect)
rCold    + . .     Gourm    .   n - +1 large shield
rNeg     + . .     Faith    .   b - +5 ring mail "Veujurch" {Slay+3}
rPois    ∞         Spirit   +   (no helmet)
rElec    +         Reflect  .   (no cloak)
rCorr    .         Harm     .   g - +1 pair of gloves
MR       +....                  l - +1 pair of boots
Stlth    ..........             y - amulet of guardian spirit
HPRegen  0.30/turn              C - ring of Zeif {rF+ MR+}
MPRegen  0.16/turn              D - ring of protection from cold

@: berserking, heroism, protection aura, very quick
A: clumsy 1, negative energy resistance 1, electricity resistance, unbreathing,
petrification resistance, rot immunity, AC +8
a: Heroism, Finesse, Renounce Religion


You were on level 11 of the Dungeon.
You worshipped Okawaru.
Okawaru was extremely pleased with you.
You were not hungry.

You visited 1 branch of the dungeon, and saw 11 of its levels.

You collected 619 gold pieces.

Inventory:

Hand Weapons
 a - a +3 flail of protection (weapon)
Missiles
 B - 4 javelins (quivered)
Armour
 b - the +5 ring mail "Veujurch" (worn) {Slay+3}
   (You found it on level 5 of the Dungeon)

   It affects your accuracy and damage with ranged weapons and melee attacks
   (+3).
 g - a +1 pair of gloves (worn)
 j - the +5 ring mail of Epiram {Int+8}
   (You found it on level 9 of the Dungeon)

   It affects your intelligence (+8).
 l - a +1 pair of boots (worn)
 m - +0 pearl dragon scales
 n - a +1 large shield (worn)
Jewellery
 y - an amulet of guardian spirit (around neck)
 A - a +3 ring of intelligence
 C - the ring of Zeif (left hand) {rF+ MR+}
   (You found it on level 11 of the Dungeon)

   [ring of protection from magic]

   It protects you from fire.
   It affects your resistance to hostile enchantments.
 D - a ring of protection from cold (right hand)
 E - an uncursed ring of resist corrosion
 F - an uncursed ring of positive energy
 G - an uncursed amulet of the acrobat
Wands
 d - a wand of flame (10)
 h - a wand of paralysis (24)
Scrolls
 e - 3 scrolls of amnesia
 k - 7 scrolls of magic mapping
 q - 6 scrolls of remove curse
 r - a scroll of immolation
 w - a scroll of teleportation
 x - a scroll of identify
Potions
 c - a potion of berserk rage
 i - a potion of ambrosia
 o - a potion of brilliance
 p - a potion of flight
 s - 2 potions of might
 t - a potion of agility
 u - 3 potions of curing
 v - a potion of heal wounds
 z - a potion of resistance
Comestibles
 f - 14 rations


   Skills:
 * Level 11.7(16.7) Fighting
 * Level 11.3(16.3) Maces & Flails
 - Level 5.2(10.2) Armour
 - Level 1.6(6.6) Dodging
 - Level 9.7(14.7) Shields
 + Level 8.3 Invocations


You had 11 spell levels left.
You didn't know any spells.

Dungeon Overview and Level Annotations

Branches:
Dungeon (11/15)            Temple (0/1) D:5            Lair (0/6) D:10
    Orc (0/2) D:9

Altars:
Fedhas
Gozag
Hepliaklqana
Nemelex Xobeh
Okawaru
Qazlal
Ru
Trog
Vehumet
Zin
The Shining One

Shops:
D:4 }

Annotations:
D:9 2 transporters


Innate Abilities, Weirdness & Mutations

You are resistant to torment.
Your stone body is resilient. (AC +8)
You are immune to poison.
You resist negative energy. (rN+)
You are resistant to electric shocks. (rElec)
You can survive without breathing.
You are immune to petrification.
You are immune to rotting.
You are clumsy. (Dex -2)


Message History

The frost giant is severely wounded.
You block the phantasmal warrior's attack.
The war gargoyle launches metal splinters at you.
The spray of metal splinters hits you!
* * * LOW HITPOINT WARNING * * *
You bludgeon the frost giant!!
The frost giant is almost dead.
The frost giant casts a spell at you. The bolt of cold hits you! You resist.
* * * LOW HITPOINT WARNING * * *
You block the war gargoyle's attack.
You are too berserk!
You completely miss the frost giant.
The frost giant is almost dead.
You block the phantasmal warrior's attack.
You barely miss the frost giant.
The frost giant is almost dead.
You block the war gargoyle's attack.
The frost giant hits you with a battleaxe of freezing!!
You die...

########'####
#.###... #...#.#
#....)## ##..'.##
#.(..... ##.#†.#
#.###### # ###..#
#.# #. #..## #.#
#.. #...# #.#
#...#9..# #.#
#...'W@.# #.#
#...#C..# #.#
############ #.#
#........# #.# #
#.#.####.# #.# #
#.#..# #.# #.# #
#....# #.# #.#
###### #.# #.#
#.##########.######


You could see a frost giant, a war gargoyle and a phantasmal warrior.

Vanquished Creatures
  An ice dragon (D:11)
  The ghost of Duskembrace the Wallflower, a journeyman DsMo of Uskayaw (D:11)
  Harold (D:11)
  3 two-headed ogres
  A deep elf mage (D:9)
  2 ugly things (D:11)
  A cyclops (D:11)
  A centaur zombie (D:11)
  2 trolls
  2 hornets (D:8)
  A hippogriff (D:10)
  2 wyverns (D:11)
  16 yaks
  A shadow (D:11)
  The ghost of HEYYEYAAE the Caller, an amateur DgSu (D:3)
  A soldier ant (D:8)
  A water moccasin (D:10)
  Duvessa (D:4)
  Purgy (D:4)
  An orc warrior (D:6)
  3 sky beasts
  4 ice beasts
  3 ogres
  4 phantoms
  A boggart (D:11)
  4 centaurs
  A big kobold (D:10)
  3 bullfrogs
  A wyvern zombie (D:11)
  A wyvern skeleton (D:11)
  A scorpion (D:6)
  Dowan (D:4)
  4 killer bees
  8 wights
  5 howler monkeys
  2 electric eels (D:10)
  A bullfrog zombie (D:5)
  5 crimson imps
  A quasit (D:6)
  5 hounds
  A gnoll shaman (D:5)
  4 orc priests
  A bullfrog skeleton (D:8)
  3 jellies
  A centaur skeleton (D:9)
  An iguana (D:6)
  6 orc wizards
  Natasha (thrice) (D:2)
  10 worker ants
  2 hound skeletons
  14 adders
  5 gnolls (D:5)
  A shadow imp (D:5)
  3 oozes
  2 adder skeletons
  3 dart slugs
  5 leopard geckos
  34 orcs
  9 bats
  5 giant cockroaches
  10 goblins
  9 hobgoblins
  3 jackals (D:6)
  13 kobolds
  5 quokkas
  4 ball pythons (D:5)
  7 frilled lizards
  A leopard gecko skeleton (D:7)
  2 quokka skeletons
  12 rats
  3 plants (D:10)
281 creatures vanquished.

Notes
Turn   | Place    | Note
-------+----------+-------------------------------------------
     0 | D:1      | Ijustatesigmund the Gargoyle Fighter began the quest for the Orb.
     0 | D:1      | Reached XP level 1. HP: 14/14 MP: 1/1
   109 | D:1      | Reached XP level 2. HP: 19/19 MP: 2/2
   458 | D:1      | Reached XP level 3. HP: 22/24 MP: 3/3
  1064 | D:2      | Reached XP level 4. HP: 20/29 MP: 4/4
  1131 | D:2      | Found a stormy altar of Qazlal.
  1419 | D:2      | Noticed Natasha
  1423 | D:2      | Killed Natasha
  1423 | D:2      | Reached XP level 5. HP: 34/34 MP: 5/5
  1434 | D:2      | Noticed Natasha
  1447 | D:2      | Killed Natasha
  1759 | D:2      | Noticed Natasha
  1780 | D:2      | Killed Natasha
  2522 | D:2      | Reached skill level 5 in Maces & Flails
  2525 | D:2      | Reached XP level 6. HP: 33/40 MP: 6/6
  2591 | D:3      | Reached skill level 5 in Fighting
  2598 | D:3      | Found a blossoming altar of Fedhas.
  2738 | D:3      | Noticed HEYYEYAAE's ghost (amateur DgSu)
  2863 | D:3      | Killed HEYYEYAAE's ghost
  2863 | D:3      | Reached XP level 7. HP: 25/44 MP: 7/7
  3702 | D:4      | Found Witow's Gadget Shop.
  3798 | D:4      | Noticed Purgy
  3825 | D:4      | Killed Purgy
  3989 | D:4      | Noticed Dowan
  3992 | D:4      | Noticed Duvessa
  4012 | D:5      | Entered Level 5 of the Dungeon
  4275 | D:5      | Reached XP level 8. HP: 52/52 MP: 8/8
  4386 | D:4      | Killed Dowan
  4504 | D:4      | Killed Duvessa
  4504 | D:4      | Reached skill level 5 in Armour
  4592 | D:5      | Found an iron altar of Okawaru.
  4689 | D:5      | Became a worshipper of Warmaster Okawaru
  4783 | D:5      | Reached skill level 1 in Invocations
  4813 | D:5      | Got a jet-studded ring mail
  4819 | D:5      | Identified the +5 ring mail "Veujurch" {Slay+3} (You found it on level 5 of the Dungeon)
  4961 | D:5      | Found a radiant altar of Vehumet.
  4962 | D:5      | Found a sparkling altar of Nemelex Xobeh.
  5019 | D:5      | Found a glowing silver altar of Zin.
  5036 | D:5      | Found a sacrificial altar of Ru.
  5239 | D:5      | Found a staircase to the Ecumenical Temple.
  5622 | D:6      | Found a bloodstained altar of Trog.
  5628 | D:6      | Reached skill level 1 in Dodging
  5849 | D:6      | Reached * piety under Okawaru
  5849 | D:6      | Reached XP level 9. HP: 57/57 MP: 11/11
  6266 | D:7      | Got an encrusted leather armour
  6478 | D:7      | Reached skill level 5 in Shields
  6488 | D:7      | Reached ** piety under Okawaru
  6653 | D:7      | Found an opulent altar of Gozag.
  7091 | D:8      | Noticed a two-headed ogre
  7098 | D:8      | Reached skill level 5 in Invocations
  7114 | D:8      | Killed a two-headed ogre
  7114 | D:8      | Reached XP level 10. HP: 65/65 MP: 12/14
  7367 | D:8      | Identified the +1 leather armour of Tovvo {Str+7} (You found it on level 7 of the Dungeon)
  7432 | D:8      | Found a hazy altar of Hepliaklqana.
  7496 | D:8      | Reached *** piety under Okawaru
  8015 | D:9      | Got a translucent ring mail
  8137 | D:9      | Found a transporter.
  8148 | D:9      | Noticed a deep elf knight
  8149 | D:9      | Noticed a deep elf mage
  8154 | D:9      | Found a glowing golden altar of the Shining One.
  8165 | D:9      | Found a transporter.
  8346 | D:9      | Found a staircase to the Orcish Mines.
  8445 | D:9      | Reached **** piety under Okawaru
  8625 | D:9      | Found a glowing golden altar of the Shining One.
  8625 | D:9      | Noticed a deep elf mage
  8638 | D:9      | Killed a deep elf mage
  8700 | D:10     | Entered Level 10 of the Dungeon
  8795 | D:10     | Reached XP level 11. HP: 71/71 MP: 15/15
  8841 | D:10     | Reached ***** piety under Okawaru
  9033 | D:10     | Found a staircase to the Lair.
  9149 | D:11     | Noticed a brown ugly thing
  9159 | D:11     | Killed a brown ugly thing
  9219 | D:11     | Identified the +5 ring mail of Epiram {Int+8} (You found it on level 9 of the Dungeon)
  9465 | D:11     | Received a gift from Okawaru
  9471 | D:11     | Reached skill level 10 in Fighting
  9493 | D:11     | Got a jewelled ring mail {god gift}
  9504 | D:11     | Identified the +1 ring mail of Fufuwoz {*Contam rF++ Int+6} (Okawaru gifted it to you on level 11 of the Dungeon)
  9547 | D:11     | Gained mutation: You are clumsy. (Dex -2) [mutagenic glow]
  9757 | D:11     | Reached skill level 10 in Maces & Flails
  9885 | D:11     | Noticed Duskembrace's ghost (journeyman DsMo)
  9911 | D:11     | Killed Duskembrace's ghost
 10142 | D:11     | Noticed a white ugly thing
 10161 | D:11     | Killed a white ugly thing
 10177 | D:11     | Noticed Harold
 10190 | D:11     | Killed Harold
 10495 | D:11     | Noticed a two-headed ogre
 10497 | D:11     | Noticed a cyclops
 10500 | D:11     | Noticed a two-headed ogre
 10507 | D:11     | Killed a two-headed ogre
 10515 | D:11     | Killed a cyclops
 10515 | D:11     | Reached XP level 12. HP: 37/80 MP: 6/18
 10520 | D:11     | Killed a two-headed ogre
 10525 | D:11     | Got a fine pewter ring
 10527 | D:11     | Identified the ring of Zeif {rF+ MR+} (You found it on level 11 of the Dungeon)
 10726 | D:11     | Noticed a war gargoyle
 10726 | D:11     | Noticed an ice dragon
 10741 | D:11     | Killed an ice dragon
 10746 | D:11     | Noticed a frost giant
 10758 | D:11     | HP: 1/120 [frost giant/bolt of cold (17)]
 10760 | D:11     | Annihilated by a frost giant

Vault maps used:
D:1:      mrwooster_arrival_arrow
D:2:      grunt_qazlal_sundering, uniq_natasha
D:3:      old_standard_altar, first_ration
D:4:      serial_shops, shop, minmay_bisected, uniq_duvessa, uniq_purgy
D:5:      kennysheep_spiral_hall, nicolae_overflow_crystal_walls,
          kennysheep_mini, okawaru_metal_pillars_3,
          nemelex_xobeh_ov_fountains_minmay, minmay_temple_entry_nine_rooms,
          eino_small_chamber_without_monster, kennysheep_small_spiral,
          nicolae_ru_great_annihilating_truth
D:6:      overflow_temple_1_default, kennysheep_small_square
D:7:      nicolae_gozag_seed_capital
D:8:      general_overflow_altar, minmay_misc_feat_pillars,
          hangedman_pestilent_swarm, hangedman_decor_push
D:9:      gammafunk_temple_overflow_arena, orc_0_dummy, hex_medium,
          david_defended_altar_elf
D:10:     dpeg_oklobed_lair, hangedman_abyss_or_decor_lesser_grid
D:11:     minmay_sliced_demisemicircle, uniq_harold

Skill      XL: |  1  2  3  4  5  6  7  8  9 10 11 |
---------------+----------------------------------+-----
Maces & Flails | 3 4 5 6 7 8 9 11 | 11.3
Fighting       | 4 5 6 7 8 9 11 | 11.7
Armour         | 4 5 |  5.2
Invocations    | 3 5 6 8 |  8.3
Dodging        | 1 |  1.6
Shields        | 4 6 9 |  9.7

Action                   |  1- 3 |  4- 6 |  7- 9 | 10-12 || total
-------------------------+-------+-------+-------+-------++-------
Melee: Flail             |   169 |   174 |   474 |   576 ||  1393
Throw: Javelin           |       |       |       |     5 ||     5
Invok: Heroism           |       |       |       |     4 ||     4
  Use: Scroll            |     3 |     5 |    11 |     5 ||    24
       Potion            |       |     4 |     5 |     1 ||    10
 Stab: Invisible         |       |       |     1 |       ||     1
       Paralysed         |       |       |     1 |       ||     1
  Eat: Chunk             |     1 |     6 |    10 |     5 ||    22
       Ration            |       |       |     1 |     3 ||     4
Armor: Scale mail        |   130 |       |       |       ||   130
       Plate armour      |       |   213 |   176 |       ||   389
       Skin              |       |       |     1 |       ||     1
       Ring mail         |       |       |   115 |   192 ||   307
Dodge: Dodged            |    73 |    44 |   106 |    87 ||   310
Block: Shield            |   104 |   123 |   217 |     9 ||   453
       Large shield      |       |       |       |   359 ||   359

Table legend:
 A = Spawn XP
 B = Non-spawn XP
 C = Spawn XP percentage of total XP
 D = Spawn monster count
 E = Non-spawn monster count
 F = Spawn count percentage of total count
 G = Total turns spent on level
                    A         B        C        D         E        F      G
               +---------+---------+-------+---------+---------+-------+---------
         Total |       0 |   20863 |   0.0 |       0 |     278 |   0.0 | 10760
               +---------+---------+-------+---------+---------+-------+---------
           D:1 |       0 |      51 |   0.0 |       0 |      30 |   0.0 |   827
           D:2 |       0 |     285 |   0.0 |       0 |      34 |   0.0 |  1757
           D:3 |       0 |     373 |   0.0 |       0 |      22 |   0.0 |  1118
           D:4 |       0 |     564 |   0.0 |       0 |      20 |   0.0 |   685
           D:5 |       0 |     599 |   0.0 |       0 |      27 |   0.0 |  1222
           D:6 |       0 |     681 |   0.0 |       0 |      16 |   0.0 |   615
           D:7 |       0 |    1000 |   0.0 |       0 |      21 |   0.0 |   801
           D:8 |       0 |    2844 |   0.0 |       0 |      26 |   0.0 |  1015
           D:9 |       0 |    1551 |   0.0 |       0 |      16 |   0.0 |   660
          D:10 |       0 |    2153 |   0.0 |       0 |      29 |   0.0 |   421
          D:11 |       0 |   10762 |   0.0 |       0 |      37 |   0.0 |  1639
               +---------+---------+-------+---------+---------+-------+---------
